 Dungeon Sprint DCSS version 0.21.1-1-g345015fe64 (webtiles) character file.

977 Htamos the Severer (level 7, -5/67 HPs)
             Began as a Deep Dwarf Fighter on July 13, 2018.
             Was a Follower of Makhleb.
             Slain by an ice devil (10 damage)
             ... summoned by a kobold demonologist
             ... while paralysed by a chaos spawn
             ... in the Dungeon (Sprint I: "Red Sonja").
             The game lasted 00:02:21 (155 turns).

Htamos the Severer (Deep Dwarf Fighter)              Turns: 155, Time: 00:02:22

Health: -5/67      AC:  7    Str: 21    XL:     7   Next: 95%
Magic:  5/5        EV:  2    Int:  9    God:    Makhleb [*.....]
Gold:   351        SH:  0    Dex: 12    Spells: 6/6 levels left

rFire    . . .     SeeInvis .   a - +0 war axe
rCold    . . .     Gourm    .   c - +0 shield
rNeg     . . .     Faith    .   b - +0 scale mail
rPois    .         Spirit   .   (no helmet)
rElec    .         Reflect  .   (no cloak)
rCorr    .         Harm     .   (no gloves)
MR       +....     NoTele   +   (no boots)
Stlth    ..........             (no amulet)
HPRegen  0.00/turn              (no ring)
MPRegen  0.09/turn              (no ring)

@: paralysed, non-regenerating
A: damage resistance, heal wounds, sense surroundings 1, no regeneration
a: Heal Wounds, Renounce Religion


You were in the Dungeon.
You worshipped Makhleb.
Makhleb was aware of your devotion.
You were not hungry.

You visited 1 branch You collected 351 gold pieces.

Inventory:

Hand Weapons
 a - a +0 war axe (weapon)
Armour
 b - a +0 scale mail (worn)
 c - a +0 shield (worn)
Wands
 d - a wand of flame (20)
Scrolls
 k - a scroll of blinking
Potions
 e - a potion of curing
 g - a potion of heal wounds
 h - a potion of haste
 i - 2 potions of magic
 j - a potion of berserk rage
Comestibles
 f - a ration
 l - a chunk of flesh


   Skills:
 + Level 5.0 Fighting
 - Level 15.2 Axes
 + Level 6.1 Armour
 + Level 4.9 Dodging
 + Level 6.1 Shields


You had 6 spell levels left.
You didn't know any spells.

Dungeon Overview and Level Annotations

Branches:
Dungeon (1/1)

Altars:
Cheibriados
Dithmenos
Elyvilon
Fedhas
Gozag
Hepliaklqana
Kikubaaqudgha
Makhleb
Nemelex Xobeh
Okawaru
Qazlal
Ru
Sif Muna
Trog
Uskayaw
Vehumet
Wu Jian
Xom
Yredelemnul
Zin
The Shining One
Jiyva
Lugonu

Shops:
D }


Innate Abilities, Weirdness & Mutations

You are resistant to damage.
You can heal yourself by infusing magical energy.
You passively map a small area around you.
You do not regenerate.


Message History

The kobold demonologist hits you but does no damage.
The chaos spawn hits you but does no damage.
The ice devil hits you! The ice devil freezes you!
* * * LOW HITPOINT WARNING * * *
The kobold demonologist gestures wildly while chanting.
The chaos spawn gores you but does no damage.
The ice devil hits you but does no damage.
The kobold demonologist hits you with a dagger.
The chaos spawn gores you.
The chaos spawn degenerates into a cloud of primal chaos!
The ice devil hits you!
* * * LOW HITPOINT WARNING * * *
The ice devil freezes you!!
* * * LOW HITPOINT WARNING * * *
The kobold demonologist hits you but does no damage.
The crimson imp shouts, "Scamper away, thou beslubbering stone-broke boar-pig!"
Reactivating autopickup.
The iron imp disappears in a puff of smoke!
The ice devil hits you!
You die...

#####################
* **
.').#.)'..#__#.4@K5.#
* ,
.#..'..#..'..'..#§5.#*
,
###+#####'#__####5..+
# #...#(#### ####, +
_####..##)# ≈ , *
____##'#_.+ ≈ , , , ,
, .∩...÷..._# , , ,,
..__##_.#'# ,
____###+#[#, + , *


You could see an ice devil, a kobold demonologist, a crimson imp, a shadow imp
and an ufetubus.

Vanquished Creatures
  A kobold demonologist (D)
  A slime creature (D)
  A yak (D)
  Sigmund (D)
  A floating eye (D)
  An ogre (D)
  A jelly (D)
  Ijyb (D)
8 creatures vanquished.

Notes
Turn   | Place    | Note
-------+----------+-------------------------------------------
     0 | D        | Htamos the Deep Dwarf Fighter began the quest for the Orb.
     0 | D        | Reached XP level 1. HP: 20/20 MP: 1/1
     3 | D        | Noticed Ijyb
     7 | D        | Killed Ijyb
     7 | D        | Reached skill level 6 in Axes
     7 | D        | Reached XP level 2. HP: 20/27 MP: 2/2
    12 | D        | Noticed an ogre
    17 | D        | Killed an ogre
    17 | D        | Reached skill level 10 in Axes
    17 | D        | Reached XP level 3. HP: 22/33 MP: 3/3
    17 | D        | Reached XP level 4. HP: 27/40 MP: 4/4
    23 | D        | Noticed Sigmund
    27 | D        | Killed Sigmund
    27 | D        | Reached skill level 13 in Axes
    27 | D        | Reached XP level 5. HP: 46/46 MP: 5/5
    35 | D        | Found a burning altar of Makhleb.
    35 | D        | Found a shimmering altar of Xom.
    35 | D        | Noticed a slime creature
    36 | D        | Found a viscous altar of Jiyva.
    36 | D        | Found a corrupted altar of Lugonu.
    43 | D        | Killed a slime creature
    43 | D        | Reached skill level 15 in Axes
    43 | D        | Reached XP level 6. HP: 33/55 MP: 6/6
    51 | D        | Became a worshipper of Makhleb the Destroyer
    53 | D        | Found an ornate altar of the Wu Jian Council.
    53 | D        | Found a deep blue altar of Sif Muna.
    59 | D        | Found a radiant altar of Vehumet.
    85 | D        | Found Ajevubbu's Gadget Emporium.
    85 | D        | Found an ancient bone altar of Kikubaaqudgha.
    85 | D        | Found a hazy altar of Hepliaklqana.
    85 | D        | Found a hide-covered altar of Uskayaw.
    85 | D        | Found a basalt altar of Yredelemnul.
    85 | D        | Found an opulent altar of Gozag.
    85 | D        | Found a snail-covered altar of Cheibriados.
    85 | D        | Found a sacrificial altar of Ru.
    85 | D        | Found a shadowy altar of Dithmenos.
    85 | D        | Noticed a yak
    98 | D        | Killed a yak
    98 | D        | Reached XP level 7. HP: 41/63 MP: 6/6
    99 | D        | Found a stormy altar of Qazlal.
    99 | D        | Found a blossoming altar of Fedhas.
    99 | D        | Found a bloodstained altar of Trog.
    99 | D        | Found an iron altar of Okawaru.
    99 | D        | Found a glowing golden altar of the Shining One.
    99 | D        | Found a glowing silver altar of Zin.
    99 | D        | Found a white marble altar of Elyvilon.
   102 | D        | Found a sparkling altar of Nemelex Xobeh.
   131 | D        | Noticed a kobold demonologist
   132 | D        | Noticed a kobold demonologist
   134 | D        | Noticed a chaos spawn
   134 | D        | Reached * piety under Makhleb
   134 | D        | Reached skill level 5 in Armour
   134 | D        | Reached skill level 5 in Shields
   135 | D        | Noticed a chaos spawn
   139 | D        | Noticed an ice devil
   139 | D        | Killed a kobold demonologist
   139 | D        | Reached skill level 5 in Fighting
   150 | D        | Paralysed by a chaos spawn for 5 turns
   155 | D        | Slain by an ice devil

Skill      XL: |  1  2  3  4  5  6  7 |
---------------+----------------------+-----
Axes           | 6 10 13 15 | 15.2
Fighting       | 3 5 |  5.0
Armour         | 4 6 |  6.1
Dodging        | 2 4 |  4.9
Shields        | 4 6 |  6.1

Action                   |  1- 3 |  4- 6 |  7- 9 || total
-------------------------+-------+-------+-------++-------
Melee: War axe           |     9 |    25 |    13 ||    47
 Abil: Heal Wounds       |       |     2 |     4 ||     6
  Use: Potion            |     1 |       |       ||     1
Armor: Scale mail        |     1 |     2 |    12 ||    15
Dodge: Dodged            |     2 |     4 |     7 ||    13
Block: Shield            |     3 |     6 |     7 ||    16
